 Dungeon Crawl Stone Soup version 0.27-a0-419-g7a85846853 (webtiles) character file.

Game seed: 15848564331321069836

8 Chiseanne the Skirmisher (level 2, 16/24 HPs)
             Began as a Demonspawn Wanderer on Feb 26, 2021.
             Quit the game on level 1 of the Dungeon.
             The game lasted 00:00:11 (24 turns).

Chiseanne the Skirmisher (Demonspawn Wanderer)        Turns: 24, Time: 00:00:12

Health: 16/24      AC:  2    Str: 12    XL:     2   Next: 0%
Magic:  5/5        EV: 11    Int: 15    God:
Gold:   0          SH:  0    Dex: 10    Spells: 4/5 levels left

rFire    . . .     SeeInvis .   a - +0 mace
rCold    . . .     Faith    .   (no shield)
rNeg     . . .     Spirit   .   d - +0 robe
rPois    .         Reflect  .   (no helmet)
rElec    .         Harm     .   (no cloak)
rCorr    .         Rampage  .   (no gloves)
Will     .....                  (no boots)
Stlth    +.........             (no amulet)
HPRegen  0.08/turn              (no ring)
MPRegen  0.09/turn              (no ring)

@: no status effects
A: hooves 1
a: no special abilities


You were on level 1 of the Dungeon.
You visited 1 branch of the dungeon, and saw 1 of its levels.

Inventory:

Hand Weapons
 a - a +0 mace (weapon)
Armour
 d - a +0 robe (worn)
Potions
 b - a potion of lignification


   Skills:
 * Level 3.3 Fighting
 - Level 1.0 Maces & Flails
 - Level 1.0 Armour
 * Level 1.0 Dodging
 - Level 1.0 Shields
 - Level 2.0 Spellcasting
 - Level 1.0 Transmutations
 - Level 1.0 Evocations


You had 4 spell levels left.
You knew the following spells:

 Your Spells              Type           Power        Failure   Level
a - Magic Dart            Conj           4%           22%         1

Your spell library contained the following spells:

 Spells                   Type           Power        Failure   Level
 Blink                    Tloc           N/A          32%         2
 Call Imp                 Summ           1%           32%         2
 Slow                     Hex            1%           32%         2
 Conjure Flame            Conj/Fire      1%           54%         3
 Mephitic Cloud           Conj/Pois/Air  1%           54%         3


Dungeon Overview and Level Annotations

Branches:
Dungeon (1/15)

Altars:


Innate Abilities, Weirdness & Mutations

You have large cloven feet.


Message History

There is an open door here.
A hobgoblin comes into view.
The hobgoblin shouts!
You hear an angry hiss.
The hobgoblin moves out of view.
Found 10 gold pieces.
A giant cockroach comes into view.
The giant cockroach completely misses you.
A frilled lizard comes into view.
You hit the giant cockroach.
The giant cockroach is moderately wounded.
The hobgoblin hits you. The giant cockroach closely misses you.
The hobgoblin hits you. The giant cockroach misses you.
You hit the giant cockroach.
You kill the giant cockroach!
The hobgoblin barely misses you. The frilled lizard barely misses you.
You hit the frilled lizard.
You kill the frilled lizard!
The hobgoblin closely misses you.
An ooze comes into view.
The hobgoblin barely misses you.
You barely miss the hobgoblin. The hobgoblin misses you.
You hit the hobgoblin but do no damage. The hobgoblin closely misses you.
You hit the hobgoblin.
The hobgoblin is almost dead.
The hobgoblin closely misses you. The hobgoblin barely misses you.
You hit the hobgoblin.
You kill the hobgoblin!
You hit the ooze.
The ooze is lightly wounded.
The ooze misses you.
You thump the ooze!
The ooze is severely wounded.
The ooze hits you but does no damage. The ooze barely misses you.
You sock the ooze!
You kill the ooze!
Your Dodging skill increases to level 1!
You have reached level 2!
Your demonic ancestry asserts itself...
Your feet thicken and deform.
Are you sure you want to abandon this character and quit the game? (Confirm with "yes".)

....... ####
........ #....
.....$.# #....
#...... #.....
#....#
#.....##....#
......†#....###.
#....†@........
#.#####.#####.
#...#.# #...'.# #
#...#.#
####.#####.##+##..
..................
##..##'##.#####..
#...#.#


There were no monsters in sight!

Vanquished Creatures
  An ooze (D:1)
  A giant cockroach (D:1)
  A hobgoblin (D:1)
  A frilled lizard (D:1)
4 creatures vanquished.

Notes
Turn   | Place    | Note
-------+----------+-------------------------------------------
     0 | D:1      | Chiseanne the Demonspawn Wanderer began the quest for the
                  | Orb.
     0 | D:1      | Chiseanne set off with the following items: a +0 mace, a
                  | potion of lignification, a +0 robe; and the following spell
                  | memorised: Magic Dart; and the following spells available
                  | to memorise: Blink, Call Imp, Slow, Conjure Flame, Mephitic
                  | Cloud
     0 | D:1      | Reached XP level 1. HP: 18/18 MP: 3/3
    24 | D:1      | Reached skill level 1 in Dodging
    24 | D:1      | Gained mutation: You have large cloven feet. [demonic
                  | ancestry]
    24 | D:1      | Reached XP level 2. HP: 16/24 MP: 5/5
    24 | D:1      | Quit the game

Illustrated notes

Levels and vault maps discovered:
D:1:      minmay_arrival_four_houses, layout_basic, minmay_misc_feat_iff

Skill      XL: |  1 |
---------------+----+-----
Dodging        | 1 |  1.0
Fighting       | |  3.3
Maces & Flails | |  1.0
Armour         | |  1.0
Shields        | |  1.0
Spellcasting   | |  2.0
Transmutations | |  1.0
Evocations     | |  1.0

Action                   || total
-------------------------++-------
Melee: Mace              ||    10
Armor: Robe              ||     1
Dodge: Dodged            ||    13

Table legend: (Time is in decaauts)
 A = Elapsed time spent in this place.
 B = Non-inter-level travel time spent in this place.
 C = Inter-level travel time spent in this place.
 D = Time resting spent in this place.
 E = Time spent auto-exploring this place.
 F = Levels seen in this place.
 G = Mean time per level.
                   A        B        C        D        E       F      G
               +--------+--------+--------+--------+--------+-----+--------+
         Total |     27 |     27 |      0 |      0 |     10 |   1 |   27.0 |
       Dungeon |     27 |     27 |      0 |      0 |     10 |   1 |   27.0 |
               +--------+--------+--------+--------+--------+-----+--------+

Top non-repeatable levels by time:
     D:1: 27 daAuts
